 Dungeon Crawl Stone Soup version 0.30-a0-29-g142975f185 (webtiles) character file.

Game seed: 16388581639623566417

128 ytrimaz the Covered (level 5, -1/42 HPs)
             Began as a Formicid Fighter on Aug 26, 2022.
             Killed from afar by Natasha (8 damage)
             ... with a magic dart
             ... on level 2 of the Dungeon.
             The game lasted 00:02:41 (1709 turns).

ytrimaz the Covered (Formicid Fighter)              Turns: 1709, Time: 00:02:42

Health: -1/42      AC: 10    Str: 23    XL:     5   Next: 34%
Magic:  5/5        EV:  9    Int:  7    God:
Gold:   43         SH:  5    Dex: 13    Spells: 4/4 levels left

rFire   . . .      SeeInvis +    a - +0 war axe (chaos)
rCold   . . .      Faith    .    c - +0 buckler
rNeg    . . .      Spirit   .    b - +0 scale mail
rPois   .          Reflect  .    (helmet unavailable)
rElec   .          Harm     .    g - +2 cloak
rCorr   .          Rampage  .    (no gloves)
Will    .....                    (no boots)
Stlth   ..........               (no amulet)
HPRegen 0.14/turn                (no ring)
MPRegen 0.09/turn                (no ring)

@: no status effects
A: permanent stasis, dig shafts and tunnels, antennae 3, four strong arms
a: Dig, Shaft Self


You were on level 2 of the Dungeon.
You visited 1 branch of the dungeon, and saw 2 of its levels.

You collected 43 gold pieces.

Inventory:

Hand Weapons
 a - a +0 war axe of chaos (weapon)
Armour
 b - a +0 scale mail (worn)
 c - a +0 buckler (worn)
 g - a +2 cloak (worn)
Scrolls
 i - a scroll of butterflies
 j - a scroll of vulnerability {unknown}
 l - a scroll of immolation {unknown}
 m - a scroll of fear {unknown}
 n - a scroll of identify {unknown}
 o - a scroll of poison {unknown}
Potions
 d - a potion of might
 e - a potion of brilliance {unknown}
 f - a potion of curing {unknown}
 h - 3 potions of degeneration {unknown}
 k - a potion of mutation {unknown}


   Skills:
 + Level 4.0 Fighting
 + Level 3.8 Axes
 + Level 4.3 Armour
 - Level 4.2 Shields


You had 4 spell levels left.
You didn't know any spells.
Your spell library was empty.

Dungeon Overview and Level Annotations

Branches:
Dungeon (2/15)

Altars:
Ru

Annotations:
D:2 Natasha


Innate Abilities, Weirdness & Mutations

You cannot be hasted, slowed, berserked, paralysed or teleported.
You can dig through walls and to a lower floor.
You have a pair of large antennae on your head. (SInv)
Your four strong arms can wield two-handed weapons with a shield.


Message History

Your stasis prevents you from being slowed.
Natasha barely misses you.
You barely miss Natasha.
Natasha wildly gestures.
Natasha's front paws start to glow.
Natasha claws you but does no damage.
Natasha casts a spell.
You hit Natasha.
Natasha is moderately wounded.
Natasha casts a spell at you. The magic dart hits you.
You closely miss Natasha.
Natasha is moderately wounded.
Natasha claws you but does no damage.
Unknown command.
You miss Natasha.
Natasha is moderately wounded.
You hit the iron imp but do no damage. Natasha claws you.
The iron imp hits you.
You hit Natasha but do no damage.
Natasha seems to grow stronger.
Natasha is moderately wounded.
You hit the iron imp. Natasha barely misses you. You block Natasha's attack.
The iron imp hits you!
Unknown command.
You hit Natasha. You drain Natasha.
Natasha is heavily wounded.
You hit the iron imp. Natasha closely misses you.
You block the iron imp's attack.
Unknown command.
You slash Natasha!
Natasha is almost dead.
You hit the iron imp. Natasha casts a spell at you. The magic dart hits you!
* * * LOW HITPOINT WARNING * * *
The iron imp hits you.
* * * LOW HITPOINT WARNING * * *
Natasha stares at you and mumbles some strange words.
The magic dart hits you!
You die...

### #.# ###.# # ### ....#
.##########.. ###.#
######.............# ###'###
##.........########## ......#
#...@h..#........ ......#
#####....5..#..#+####
.....)###...†................
.....................##......
...#####..._.....#'#).'......
###....#.........###.##......
###.##.#.............####+###
..#.##.#'##..#.#...>...#
....##.....#.#.#.#####.#


You could see an iron imp (summoned) and Natasha (strong, very drained).

Vanquished Creatures
  Natasha (twice) (D:2)
  3 adders (D:2)
  A worm (D:2)
  3 dart slugs
  3 ball pythons
  2 endoplasms (D:1)
  A giant cockroach (D:1)
  3 goblins
  4 hobgoblins
  2 jackals (D:2)
  7 quokkas
  4 bats
  3 frilled lizards (D:1)
  2 kobolds
  7 bushes (D:2)
47 creatures vanquished.

Vanquished Creatures (others)
  A jackal (D:2)
  19 plants (D:2)
20 creatures vanquished.

Grand Total: 67 creatures vanquished

Notes
Turn   | Place    | Note
-------+----------+-------------------------------------------
     0 | D:1      | ytrimaz the Formicid Fighter began the quest for the Orb.
     0 | D:1      | Reached XP level 1. HP: 18/18 MP: 1/1
   218 | D:1      | Reached XP level 2. HP: 17/24 MP: 2/2
   706 | D:1      | Reached XP level 3. HP: 27/29 MP: 3/3
  1081 | D:2      | Reached XP level 4. HP: 33/37 MP: 4/4
  1416 | D:2      | Found a sacrificial altar of Ru.
  1421 | D:2      | Noticed Natasha
  1429 | D:2      | Killed Natasha
  1487 | D:2      | Reached XP level 5. HP: 31/42 MP: 5/5
  1594 | D:2      | Noticed Natasha
  1601 | D:2      | Killed Natasha
  1698 | D:2      | Noticed Natasha
  1709 | D:2      | Killed from afar by Natasha

Illustrated notes

Levels and vault maps discovered:
D:1:      dpeg_arrival_more_subterranean_lakeside_camping, layout_basic,
          st_stairs_12
D:2:      wad_woods_tower, layout_basic, basic_altar, minmay_hedge_maze,
          uniq_natasha

Skill      XL: |  1  2  3  4  5 |
---------------+----------------+-----
Armour         | 4 |  4.3
Axes           | 3 |  3.8
Fighting       | 4 |  4.0
Shields        | |  4.2

Action                   |  1- 3 |  4- 6 || total
-------------------------+-------+-------++-------
Melee: War axe           |    81 |   108 ||   189
  Use: Scroll            |     3 |       ||     3
Armor: Scale mail        |    50 |    28 ||    78
Dodge: Dodged            |    48 |    23 ||    71
Block: Buckler           |    22 |    14 ||    36

Table legend: (Time is in decaauts)
 A = Elapsed time spent in this place.
 B = Non-inter-level travel time spent in this place.
 C = Inter-level travel time spent in this place.
 D = Time resting spent in this place.
 E = Time spent auto-exploring this place.
 F = Levels seen in this place.
 G = Mean time per level.
                   A        B        C        D        E       F      G
               +--------+--------+--------+--------+--------+-----+--------+
         Total |   1783 |   1783 |      0 |     68 |   1237 |   2 |  891.5 |
       Dungeon |   1783 |   1783 |      0 |     68 |   1237 |   2 |  891.5 |
               +--------+--------+--------+--------+--------+-----+--------+

Top non-repeatable levels by time:
     D:1: 899 daAuts
     D:2: 884 daAuts
